 Dungeon Crawl Stone Soup version 0.21-a0-78-g82a99e0 (webtiles) character file.

138460 xgamer67 the Bludgeoner (level 17, -1/193 HPs)
             Began as an Ogre Fire Elementalist on June 20, 2017.
             Was the Champion of the Shining One.
             Blown up by an orb spider (39 damage)
             ... with an orb of destruction
             ... on level 4 of the Spider Nest on June 21, 2017.
             The game lasted 02:03:09 (29346 turns).

xgamer67 the Bludgeoner (Ogre Fire Elementalist)   Turns: 29346, Time: 02:03:10

Health: -1/193     AC: 14    Str: 21    XL:     17   Next: 26%
Magic:  33/33      EV: 16    Int: 16    God:    the Shining One [******]
Gold:   924        SH:  0    Dex: 14    Spells: 5/24 levels left

rFire    + . .     SeeInvis .   a - +5 giant club (flame)
rCold    + . .     Gourm    .   (shield currently unavailable)
rNeg     + + +     Faith    .   W - +0 troll leather armour
rPois    +         Spirit   .   b - +2 hat
rElec    +         Reflect  .   u - +1 cloak of Zufi {rPois MP+9}
rCorr    +         Harm     .   (gloves unavailable)
MR       +....                  (boots unavailable)
Stlth    +.........             d - amulet of regeneration
HPRegen  1.22/turn              A - +5 ring of protection
MPRegen  0.23/turn              L - +5 ring of strength

@: resistant, glowing
A: unfitting armour, tough skin 1
a: Divine Shield, Cleansing Flame, Summon Divine Warrior, Brand Weapon With Holy
Wrath, Renounce Religion


You were on level 4 of the Spider Nest.
You worshipped the Shining One.
The Shining One was exalted by your worship.
You were not hungry.

You visited 4 branches of the dungeon, and saw 27 of its levels.
You also visited: Labyrinth, Ossuary and Volcano.

You collected 3064 gold pieces.
You spent 2140 gold pieces at shops.

Inventory:

Hand Weapons
 a - a +5 giant club of flaming (weapon)
Missiles
 Q - 3 throwing nets
 R - 15 large rocks (quivered)
Armour
 b - a +2 hat (worn)
 u - the +1 cloak of Zufi (worn) {rPois MP+9}
   (You found it in a labyrinth)

   It protects you from poison.
   It affects your magic capacity (+9).
 W - a +0 troll leather armour (worn)
Jewellery
 d - an amulet of regeneration (around neck)
 e - an uncursed ring of ice
 q - an uncursed ring of protection from fire
 A - a +5 ring of protection (left hand)
 L - a +5 ring of strength (right hand)
 T - an uncursed ring of protection from magic
 Y - an uncursed ring of flight
Wands
 h - a wand of digging (5/24)
 z - a wand of scattershot (5/9)
 G - a wand of lightning (3/15)
 H - a wand of polymorph (2/24)
 M - a wand of paralysis (10/24)
 V - a wand of disintegration (10/24)
 X - a wand of iceblast (12/15)
Scrolls
 f - 8 scrolls of remove curse
 g - 3 scrolls of amnesia
 i - 2 scrolls of identify
 p - 2 scrolls of blinking
 s - 4 scrolls of recharging
 v - 10 scrolls of teleportation
 B - 4 scrolls of fear
 F - 6 scrolls of magic mapping
 S - 3 scrolls of fog
Potions
 j - 6 potions of curing
 k - 2 potions of cancellation
 l - 4 potions of flight
 m - 3 potions of resistance
 o - 6 potions of agility
 r - 4 potions of brilliance
 t - 5 potions of might
 C - 3 potions of ambrosia
 D - 4 potions of mutation
 O - 4 potions of heal wounds
 P - a potion of magic
 U - 4 potions of haste
Books
 n - a Fen Folio

   Spells                             Type                      Level
   a - Corpse Rot                     Necromancy                   2
   b - Stone Arrow                    Conjuration/Earth            3
   c - Leda's Liquefaction            Hexes/Earth                  4
   d - Summon Forest                  Summoning/Translocation      5
   e - Hydra Form                     Transmutation                6
   f - Summon Hydra                   Summoning                    7
 Z - a book of Frost

   Spells                             Type                      Level
   a - Freeze                         Ice                          1
   b - Throw Frost                    Conjuration/Ice              2
   c - Ozocubu's Armour               Charms/Ice                   3
   d - Throw Icicle                   Conjuration/Ice              4
   e - Summon Ice Beast               Ice/Summoning                4
Miscellaneous
 y - a fan of gales
 E - a phial of floods (inert)
 I - a sack of spiders
 K - a lamp of fire (inert)
 N - a box of beasts
Comestibles
 c - 14 bread rations
 w - 11 royal jellies
 x - 9 meat rations


   Skills:
 - Level 18.0 Fighting
 - Level 18.0 Maces & Flails
 - Level 11.0 Dodging
 - Level 1.4 Stealth
 + Level 4.4 Spellcasting
 - Level 3.0 Conjurations
 - Level 3.1 Charms
 - Level 3.0 Fire Magic
 - Level 3.1 Ice Magic
 - Level 10.0 Invocations
 - Level 5.0 Evocations


You had 5 spell levels left.
You knew the following spells:

 Your Spells              Type           Power        Failure   Level  Hunger
a - Flame Tongue          Conj/Fire      ##...        5%          1    None
b - Throw Flame           Conj/Fire      ##....       9%          2    ##.....
c - Inner Flame           Hex/Fire       #.......     30%         3    ###....
d - Mephitic Cloud        Conj/Pois/Air  #.......     36%         3    ###....
e - Sticky Flame          Conj/Fire      ##......     47%         4    ####...
h - Conjure Flame         Conj/Fire      ##......     16%         3    ###....
A - Ozocubu's Armour      Chrm/Ice       ##......     16%         3    ###....


Dungeon Overview and Level Annotations

Branches:
Dungeon (15/15)            Temple (0/1) D:6            Lair (6/6) D:11
 Shoals (0/4) Lair:2       Spider (4/4) Lair:2        Slime (0/5) Lair:5
    Orc (2/2) D:9             Elf (0/3) Orc:2        Vaults (0/5) D:14
 Depths: D:15

Altars:
Ashenzari
Cheibriados
Dithmenos
Gozag
Hepliaklqana
Makhleb
Ru
Uskayaw
Vehumet
Xom
Zin
The Shining One
Beogh

Shops:
D:4 %   D:14 (   Orc:2 }[!??}

Portals:
Pandemonium: Orc:2

Annotations:
D:13 Rupert
D:15 Louise
Lair:3 exclusion: 3 oklob plants
Spider:4 exclusion: 6 doors


Innate Abilities, Weirdness & Mutations

You are too large for most types of armour.
You have tough skin. (AC +1)


Message History

The jumping spider closely misses you.
Your water elemental closely misses the jumping spider.
A redback comes into view.
You sock the jumping spider! You burn the jumping spider.
You kill the jumping spider!
You are no longer corroded.
The orb spider weaves a glowing orb of energy.
An orb of destruction and an entropy weaver come into view.
You see here a tarantella corpse.
The entropy weaver twitches its antennae in your direction.
The redback bites you!
* * * LOW HITPOINT WARNING * * *
A redback comes into view.
You sock the redback! You burn the redback.
The redback is heavily wounded.
The redback bites you but does no damage.
Your water elemental hits the redback!
The orb spider spins a strand of pure energy.
The orb of destruction hits you!
You die...

,,,**
#...#..#†##*#..^.<....#**,* ≈,**
#.†..^...# #....#.#.### *** ***
##....##.## ###..#.#..##
#....##### ####.....,.##
##.....#######..##^..#.#.#
#....†###.#.....#....#^..##
**###.#...##........##....^.s.#
,,........###..sE..§s#^...#,,,*
,,...#..#..^#...@§§#≈.#..#^...#*
,*.#...#^.......#..≈...###**...*
,,..#..^..a....###..≈...# *,,,#*
,*......#.###^...#......# *,,,**
*,##.....##*##.........##**,,,,*
,,,....^.,**,#...........*,*,,,*
,*,...##.,,,,....^........,,,,,*
,,,..s,#^,,,,..#########...,,,**
,,,,,,*,*,,,,?.,* *,,#..,,**


You could see an entropy weaver, an orb spider, a redback and a friendly water
elemental.

Vanquished Creatures
  Nikola (Spider:4)
  Gastronok (Orc:1)
  2 ghost moths (Spider:2)
  An emperor scorpion (Spider:3)
  A stone giant (Orc:1)
  2 entropy weavers
  Azrael (Spider:1)
  A spark wasp (Spider:2)
  5 dire elephants (Lair:6)
  Snorg (Orc:1)
  A minotaur (Lab)
  3 vault guards (D:14)
  2 hydras
  Fannar (D:12)
  A catoblepas (Lair:6)
  Erica (D:8)
  2 death knights
  An anaconda (Lair:6)
  A dancing weapon (Volcano)
  4 two-headed ogres
  A centaur warrior (D:14)
  8 orc high priests (Orc:2)
  Nergalle (Orc:1)
  A deep elf knight (D:14)
  An unseen horror (D:14)
  An infernal demonspawn (Orc:2)
  A torturous demonspawn (Orc:2)
  6 wizards
  8 orc knights
  A necromancer (Spider:2)
  14 wolf spider zombies (Spider:2)
  10 orb spiders
  23 wolf spiders
  An oklob plant (Lair:3)
  A lindwurm (Spider:3)
  4 orc sorcerers (Orc:2)
  20 ugly things
  2 cyclopes
  A manticore (D:11)
  4 elephants (Lair:6)
  5 toenail golems (Volcano)
  A centaur zombie (D:11)
  A merfolk siren (Lair:2)
  5 black mambas
  7 spiny frogs
  2 rime drakes
  A gargoyle (D:12)
  A freezing wraith (D:14)
  A yaktaur (D:14)
  15 demonic crawlers
  5 komodo dragons
  6 redback zombies (Spider:2)
  A kobold demonologist (D:11)
  A hellwing (Orc:2)
  A merfolk (Lair:2)
  A tengu conjurer (D:14)
  6 trolls
  29 jumping spiders
  A polar bear (Lair:4)
  4 hornets
  5 blink frogs (Lair:6)
  5 slime creatures (D:15)
  8 hippogriffs
  4 tarantella zombies (Spider:2)
  63 redbacks
  9 tarantellas
  22 yaks
  4 wyverns
  3 fire elementals (Spider:1)
  6 basilisks
  2 chaos spawn (Orc:2)
  2 steam dragons
  2 soldier ants
  4 wargs
  8 swamp worms (Spider:3)
  7 hell hounds
  Purgy (D:4)
  12 porcupines
  15 water moccasins
  32 orc warriors
  3 ice beasts
  3 sky beasts
  2 black bears
  10 ogres
  3 phantoms
  A necrophage (D:7)
  26 wolves
  10 centaurs
  8 crocodiles
  3 big kobolds (D:11)
  15 bullfrogs
  2 wyvern zombies
  5 scorpions
  4 wights (D:11)
  10 killer bees
  3 electric eels
  6 howler monkeys
  4 crimson imps
  2 bullfrog zombies
  A quasit (D:11)
  24 orc priests
  6 hounds
  4 jellies
  17 orc wizards
  6 centaur skeletons
  A gnoll shaman (D:5)
  2 bullfrog skeletons (D:9)
  3 iguanas
  12 worker ants
  8 mummies (Ossuary)
  A worker ant zombie (D:10)
  15 adders
  13 gnolls
  9 river rats
  3 shadow imps
  6 oozes
  2 adder zombies
  An adder skeleton (D:5)
  13 worms
  3 dart slugs
  A leopard gecko (D:2)
  78 orcs
  3 ball pythons
  14 bats
  10 giant cockroaches
  8 goblins
  5 hobgoblins
  6 jackals
  7 quokkas
  8 frilled lizards
  3 gnoll zombies (Ossuary)
  A hobgoblin zombie (Ossuary)
  10 kobolds
  3 kobold zombies (Ossuary)
  An orc zombie (Ossuary)
  A quokka skeleton (D:5)
  A quokka zombie (D:6)
  28 rats
  A rat zombie (D:6)
  5 plants
914 creatures vanquished.

Vanquished Creatures (collateral kills)
  A wolf spider (Spider:4)
  A redback (Spider:2)
  A tarantella (Spider:4)
3 creatures vanquished.

Vanquished Creatures (others)
  3 jumping spiders
  25 fungi
  22 plants
50 creatures vanquished.

Grand Total: 967 creatures vanquished

Notes
Turn   | Place    | Note
-------+----------+-------------------------------------------
     0 | D:1      | xgamer67 the Ogre Fire Elementalist began the quest for the Orb.
     0 | D:1      | Reached XP level 1. HP: 16/16 MP: 3/3
   142 | D:1      | Reached skill level 1 in Conjurations
   239 | D:1      | Reached XP level 2. HP: 24/24 MP: 3/5
   558 | D:1      | Learned a level 2 spell: Throw Flame
   752 | D:1      | Reached XP level 3. HP: 31/31 MP: 4/7
   757 | D:1      | Learned a level 3 spell: Conjure Flame
  1595 | D:2      | Reached XP level 4. HP: 22/39 MP: 2/9
  1632 | D:2      | Learned a level 4 spell: Sticky Flame
  2380 | D:3      | Found a shadowy altar of Dithmenos.
  2380 | D:3      | Found a hide-covered altar of Uskayaw.
  2380 | D:3      | Found a glowing silver altar of Zin.
  2392 | D:3      | Found an opulent altar of Gozag.
  2392 | D:3      | Found a radiant altar of Vehumet.
  2394 | D:3      | Found a glowing golden altar of the Shining One.
  2545 | D:3      | Became a worshipper of the Shining One
  2570 | D:3      | Reached XP level 5. HP: 41/45 MP: 4/11
  2836 | D:3      | Reached skill level 1 in Fighting
  2921 | D:3      | Found a shattered altar of Ashenzari.
  3543 | D:4      | Found a burning altar of Makhleb.
  3666 | D:4      | Noticed Purgy
  3718 | D:3      | Reached XP level 6. HP: 61/62 MP: 12/12
  4114 | D:5      | Entered Level 5 of the Dungeon
  4213 | D:5      | Reached skill level 5 in Fighting
  4300 | D:5      | Reached skill level 1 in Maces & Flails
  4453 | D:5      | Noticed an ice beast
  4477 | D:5      | Killed an ice beast
  4477 | D:5      | Reached XP level 7. HP: 72/72 MP: 4/13
  4594 | D:5      | Reached * piety under the Shining One
  4687 | D:5      | Learned a level 3 spell: Inner Flame
  4889 | D:5      | Found a shadowy altar of Dithmenos.
  5164 | D:5      | Reached skill level 5 in Maces & Flails
  5206 | D:5      | Reached XP level 8. HP: 80/80 MP: 5/14
  5633 | D:6      | Found a sand-covered staircase.
  5640 | Ossuary  | Entered an ossuary
  5653 | Ossuary  | Reached ** piety under the Shining One
  5910 | D:6      | Found a hazy altar of Hepliaklqana.
  6230 | D:6      | Reached *** piety under the Shining One
  6423 | D:6      | Found a staircase to the Ecumenical Temple.
  6496 | D:7      | Reached XP level 9. HP: 88/88 MP: 15/15
  6628 | D:7      | Found a sacrificial altar of Ru.
  6853 | D:8      | Noticed Erica
  6878 | D:8      | Killed Erica
  6878 | D:8      | Reached skill level 10 in Maces & Flails
  7357 | D:9      | Reached XP level 10. HP: 96/96 MP: 16/16
  7712 | D:9      | Noticed a two-headed ogre
  7717 | D:9      | Killed a two-headed ogre
  8071 | D:9      | Reached **** piety under the Shining One
  8540 | D:4      | Killed Purgy
  8692 | D:4      | Found Xygej's Food Shop.
  9868 | D:9      | Found a staircase to the Orcish Mines.
 10026 | D:10     | Entered Level 10 of the Dungeon
 10074 | D:10     | Noticed a two-headed ogre
 10079 | D:10     | Killed a two-headed ogre
 10079 | D:10     | Reached XP level 11. HP: 94/115 MP: 13/17
 10391 | D:11     | Reached skill level 10 in Fighting
 10405 | D:11     | Reached skill level 5 in Dodging
 10509 | D:11     | Found a shimmering altar of Xom.
 10774 | D:11     | Noticed a manticore
 10777 | D:11     | Noticed a two-headed ogre
 10786 | D:11     | Killed a two-headed ogre
 10797 | D:11     | Killed a manticore
 10967 | D:11     | Reached ***** piety under the Shining One
 11344 | D:11     | Found a staircase to the Lair.
 12179 | Lair:1   | Entered Level 1 of the Lair of Beasts
 12208 | Lair:1   | Reached XP level 12. HP: 118/128 MP: 18/18
 12557 | Lair:1   | Noticed a four-headed hydra
 12574 | Lair:1   | Killed a four-headed hydra
 12841 | Lair:1   | Found a snail-covered altar of Cheibriados.
 13248 | Lair:2   | Found a hole to the Spider Nest.
 13800 | Lair:2   | Found a staircase to the Shoals.
 14291 | Lair:3   | Found a labyrinth entrance.
 14295 | Lab      | Entered a labyrinth
 14804 | Lab      | Noticed a minotaur
 14811 | Lab      | Killed a minotaur
 14837 | Lab      | Got a brightly glowing brass ring
 14840 | Lab      | Identified the ring "Kyttoaga" {Fire Str-3 Int+4 Stlth+} (You found it in a labyrinth)
 14870 | Lab      | Got a crude cloak
 14876 | Lab      | Identified the +1 cloak of Zufi {rPois MP+9} (You found it in a labyrinth)
 15716 | Lair:4   | Reached XP level 13. HP: 133/137 MP: 19/19
 16721 | Lair:5   | Found a staircase to the Slime Pits.
 16751 | Lair:5   | Found a dark tunnel.
 16763 | Volcano  | Entered a volcano
 16787 | Volcano  | Reached skill level 15 in Maces & Flails
 17338 | Lair:5   | Reached ****** piety under the Shining One
 17983 | Lair:6   | Entered Level 6 of the Lair of Beasts
 18031 | Lair:6   | Reached skill level 1 in Invocations
 18545 | Lair:6   | Reached XP level 14. HP: 141/149 MP: 20/20
 18941 | Lair:6   | Noticed a dire elephant
 18967 | Lair:6   | Noticed a dire elephant
 18967 | Lair:6   | Noticed a dire elephant
 18977 | Lair:6   | Noticed a dire elephant
 18982 | Lair:6   | Killed a dire elephant
 19096 | Lair:6   | Learned a level 3 spell: Mephitic Cloud
 19149 | Lair:6   | Reached skill level 5 in Invocations
 19323 | Lair:6   | Killed a dire elephant
 19442 | Lair:6   | Killed a dire elephant
 19522 | Lair:6   | Killed a dire elephant
 19687 | Lair:6   | Noticed a dire elephant
 19697 | Lair:6   | Killed a dire elephant
 19905 | Orc:1    | Entered Level 1 of the Orcish Mines
 19991 | Orc:1    | Found a roughly hewn altar of Beogh.
 19991 | Orc:1    | Noticed Nergalle
 20014 | Orc:1    | Killed Nergalle
 20022 | Orc:1    | Noticed Snorg
 20034 | Orc:1    | Killed Snorg
 20042 | Orc:1    | Noticed Gastronok
 20118 | Orc:1    | Killed Gastronok
 20185 | Orc:1    | Noticed a stone giant
 20282 | Orc:1    | Killed a stone giant
 20669 | Orc:2    | Entered Level 2 of the Orcish Mines
 20732 | Orc:2    | Found Yvam's Quality Used Wands.
 20987 | Orc:2    | Found Ybybli's Distillery.
 21029 | Orc:2    | Found Saco's Magic Scroll Emporium.
 21152 | Orc:2    | Bought a scroll of enchant weapon for 120 gold pieces
 21215 | Orc:2    | Found a staircase to the Elven Halls.
 21327 | Orc:2    | Bought a wand of scattershot (0/9) for 144 gold pieces
 21351 | Orc:2    | Found Zeufuj's Magic Scroll Emporium.
 21648 | Orc:2    | Reached XP level 15. HP: 110/159 MP: 21/21
 21654 | Orc:2    | Paralysed by an orc sorcerer for 4 turns
 21658 | Orc:2    | HP: 5/159 [chaos spawn[an orc sorcerer] (3)]
 21871 | Orc:2    | Found Pinuimp's Antique Armour Boutique.
 21871 | Orc:2    | Found a one-way gate leading to the halls of Pandemonium.
 21871 | Orc:2    | Found Ifagasuz's Gadget Shop.
 21985 | Orc:2    | Bought a scroll of identify for 32 gold pieces
 21985 | Orc:2    | Bought a scroll of identify for 32 gold pieces
 21985 | Orc:2    | Bought a scroll of magic mapping for 56 gold pieces
 21985 | Orc:2    | Bought a scroll of amnesia for 56 gold pieces
 22030 | Orc:2    | Bought a scroll of fog for 34 gold pieces
 22030 | Orc:2    | Bought a scroll of fog for 34 gold pieces
 22030 | Orc:2    | Bought a scroll of magic mapping for 59 gold pieces
 22030 | Orc:2    | Bought a scroll of identify for 34 gold pieces
 22030 | Orc:2    | Bought a scroll of identify for 34 gold pieces
 22030 | Orc:2    | Bought a scroll of blinking for 127 gold pieces
 22030 | Orc:2    | Bought 2 scrolls of teleportation for 102 gold pieces
 22077 | Orc:2    | Bought a potion of haste for 120 gold pieces
 22077 | Orc:2    | Bought a potion of curing for 36 gold pieces
 22106 | Orc:2    | Bought a phial of floods for 560 gold pieces
 22106 | Orc:2    | Bought a lamp of fire for 560 gold pieces
 22500 | D:12     | Noticed Fannar
 22512 | D:12     | Killed Fannar
 23003 | D:13     | Noticed Rupert
 23205 | D:14     | Found Ciusaips's Weapon Emporium.
 23772 | D:14     | Found a glowing golden altar of the Shining One.
 23987 | D:14     | Reached skill level 10 in Invocations
 24133 | D:14     | Reached skill level 1 in Evocations
 24436 | D:14     | Found a gate to the Vaults.
 24551 | D:15     | Entered Level 15 of the Dungeon
 24708 | D:15     | Noticed Louise
 24860 | Spider:1 | Entered Level 1 of the Spider Nest
 25043 | Spider:1 | Noticed Azrael
 25062 | Spider:1 | Killed Azrael
 25377 | Spider:1 | Reached XP level 16. HP: 174/174 MP: 23/23
 25755 | Spider:1 | Reached skill level 15 in Fighting
 26258 | Spider:2 | Upgraded the game from 0.21-a0-72-gbbb65ab to 0.21-a0-78-g82a99e0
 26288 | Spider:2 | Reached skill level 10 in Dodging
 28118 | Spider:4 | Entered Level 4 of the Spider Nest
 28562 | Spider:3 | Learned a level 3 spell: Ozocubu's Armour
 28840 | Spider:3 | Reached XP level 17. HP: 126/193 MP: 24/24
 28847 | Spider:3 | Reached skill level 5 in Evocations
 28946 | Spider:3 | Reached skill level 1 in Charms
 28978 | Spider:3 | Reached skill level 1 in Ice Magic
 29177 | Spider:4 | Noticed Nikola
 29335 | Spider:4 | Killed Nikola
 29346 | Spider:4 | Blown up by an orb spider

Vault maps used:
D:1:      kennysheep_arrival_seaside, serial_forest,
          infiniplex_forest_clump_diagonal, infiniplex_forest_diagonal,
          infiniplex_forest_corner_2, infiniplex_forest_clump_diagonal
D:3:      nicolae_ashenzari_panopticon, grunt_temple_overflow_open, first_bread
D:4:      overflow_temple_1_default, serial_shops, shop, uniq_purgy
D:5:      grunt_dithmenos_smoke_and_mirrors
D:6:      kennysheep_mini, minmay_temple_entry_poolview, enter_ossuary_4,
          portal_sewer_entry_e
D:7:      hangedman_ru_absence
D:8:      uniq_erica
D:9:      david_orc_4, hangedman_pestilent_swarm
D:10:     wad_floor_pattern_untrapped, dk_rats_in_the_wall
D:11:     grunt_lair_entry_orc_guard_hut, xom_teletrap_fun
D:12:     uniq_fannar
D:13:     uniq_rupert
D:14:     grunt_vaults_entry_fortified, tso_metal_star, serial_shops,
          nicolae_shop_waterfront
D:15:     grunt_enter_depths_giant_problem, uniq_louise
Lair:1:   lemuel_centaur_altar
Lair:2:   elwin_shoals_entry_rooms, spider_nest_entry_a, lemuel_old_faithful,
          grunt_megastairs_5
Lair:3:   lab_entry_generic, lemuel_fruit_fields, minmay_lair_oklob_chamber
Lair:5:   nicolae_slime_entry_slimehenge, enter_volcano_3, grunt_megastairs_2,
          infiniplex_staircase_pool
Lair:6:   due_jungle_book, kennysheep_basilisk_garden, grunt_megastairs_3
Spider:1: spider_trap, uniq_azrael
Spider:2: lemuel_spider_zombies, nicolae_spider_cling_ruins
Spider:3: worms_lemuel
Spider:4: spider_rune_water, spider_trap, uniq_roxanne, uniq_nikola
Orc:1:    basic_altar, uniq_gastronok, uniq_nergalle, uniq_snorg
Orc:2:    pf_orc_diabolical, serial_shops, nicolae_shop_behind_doors,
          nicolae_for_you_no_charge
Lab:      labyrinth_hidden_loot
Ossuary:  ossuary_tomb_3
Volcano:  volcano_bunker

Skill      XL: |  1  2  3  4  5  6  7  8  9 10 11 12 13 14 15 16 17 |
---------------+----------------------------------------------------+-----
Conjurations   | 1 2 3 |  3.0
Spellcasting   | 3 4 |  4.4
Fire Magic     | 3 |  3.0
Fighting       | 3 5 9 10 11 12 13 14 17 18 | 18.0
Dodging        | 2 4 6 9 11 | 11.0
Maces & Flails | 3 5 8 11 12 13 14 16 17 18 | 18.0
Invocations    | 3 7 10 | 10.0
Evocations     | 4 5 |  5.0
Charms         | 3 |  3.1
Ice Magic      | 3 |  3.1
Stealth        | |  1.4

Action                   |  1- 3 |  4- 6 |  7- 9 | 10-12 | 13-15 | 16-18 || total
-------------------------+-------+-------+-------+-------+-------+-------++-------
Melee: Unarmed           |    21 |       |       |       |       |       ||    21
       Hand axe          |     1 |       |       |       |       |       ||     1
       Dagger            |   135 |    80 |       |       |       |       ||   215
       Club              |       |    95 |    35 |       |       |       ||   130
       Giant club        |       |       |   177 |   537 |   920 |   537 ||  2171
 Cast: Flame Tongue      |    34 |    89 |    45 |    78 |    14 |       ||   260
       Throw Flame       |     2 |     8 |     7 |     7 |    13 |     9 ||    46
       Conjure Flame     |       |     7 |     4 |    13 |    14 |       ||    38
       Inner Flame       |       |       |     6 |     2 |       |       ||     8
       Sticky Flame      |       |       |     1 |     1 |       |       ||     2
       Mephitic Cloud    |       |       |       |       |       |     1 ||     1
Evoke: Wand              |       |       |       |       |     1 |     6 ||     7
       Phial of floods   |       |       |       |       |       |     2 ||     2
       Fan of gales      |       |       |       |       |       |     1 ||     1
       Lamp of fire      |       |       |       |       |       |     1 ||     1
  Use: Scroll            |       |    14 |     9 |    14 |    18 |     6 ||    61
       Potion            |       |       |       |     5 |     2 |     3 ||    10
 Stab: Sleeping          |     1 |     2 |       |       |       |       ||     3
  Eat: Chunk             |     3 |    10 |    11 |    25 |    22 |     6 ||    77
       Fruit             |       |       |       |     9 |     7 |       ||    16
       Royal jelly       |       |       |       |       |     1 |     4 ||     5
Armor: Robe              |    31 |    82 |    75 |    53 |       |       ||   241
       Steam dragon scal |       |       |       |    41 |       |       ||    41
       Troll leather arm |       |       |       |    81 |   236 |   318 ||   635
Dodge: Dodged            |    66 |   103 |   100 |   319 |   476 |   557 ||  1621
